 Dungeon Crawl Stone Soup version 0.30.1 (webtiles) character file.

Game seed: 12663128287464940180

4585 Heoruswealwe the Thaumaturge (level 10, -4/50 HPs)
             Began as a Deep Elf Earth Elementalist on July 3, 2023.
             Slain by a two-headed ogre
             ... wielding a +0 giant club
              (25 damage)
             ... on level 11 of the Dungeon.
             The game lasted 01:12:11 (6432 turns).

Heoruswealwe the Thaumaturge (DEEE)                 Turns: 6432, Time: 01:12:14

Health: -4/50      AC:  8    Str: 10    XL:     10   Next: 18%
Magic:  15/29      EV: 13    Int: 31    God:
Gold:   751        SH:  0    Dex: 19    Spells: 26/36 levels left

rFire   . . .        b - +2 hand axe (elec)
rCold   x . .        (no shield)
rNeg    . . .        c - +0 robe
rPois   .            g - +0 helmet
rElec   .            (no cloak)
rCorr   .            f - +2 pair of gloves {infuse}
SInv    .            v - +1 pair of boots {Fly}
Will    +....        (no amulet)
Stlth   ++           k - +6 ring of intelligence
HPRegen 0.28/turn    j - ring "Deizugo" {Wiz rC- Str+5 Dex+4}
MPRegen 0.21/turn

%: wizardry (x1), infuse magic (1 MP)
@: flying
A: no striking features
a: no special abilities


You were on level 11 of the Dungeon.
You visited 1 branch of the dungeon, and saw 11 of its levels.
You also visited: Bailey.

You collected 1011 gold pieces.
You spent 260 gold pieces at shops.

Inventory:

Hand Weapons
 b - a +2 hand axe of electrocution (weapon)
 s - a +0 lajatang
Armour
 c - a +0 robe (worn)
 e - a +0 pair of boots
 f - a +2 pair of gloves of infusion (worn)
 g - a +0 helmet (worn)
 v - a +1 pair of boots of flying (worn)
 E - a +0 robe
 F - a +0 robe
 H - a +0 robe
Magical Staves
 o - a staff of cold
Jewellery
 j - the ring "Deizugo" (right hand) {Wiz rC- Str+5 Dex+4}
   (You found it on level 3 of the Dungeon)

   [ring of wizardry]

   It improves your spell success rate.
   Str:       It affects your strength (+5).
   Dex:       It affects your dexterity (+4).
   rC:        It makes you vulnerable to cold.
 k - a +6 ring of intelligence (left hand)
 l - a ring of flight
 n - a ring of poison resistance
 t - a ring of resist corrosion
 C - a ring of protection from fire
Wands
 w - a wand of charming (11)
 y - a wand of roots (10)
 B - a wand of quicksilver (6)
Scrolls
 a - 3 scrolls of enchant armour
 d - 4 scrolls of teleportation
 m - 2 scrolls of fear
 p - 2 scrolls of immolation
 q - a scroll of enchant weapon
 r - a scroll of magic mapping
 u - 3 scrolls of fog
 A - a scroll of poison
 J - a scroll of blinking
Potions
 h - 6 potions of flight
 i - 2 potions of brilliance
 x - a potion of mutation {unknown}
 z - 2 potions of lignification
 D - a potion of magic
 G - a potion of heal wounds {unknown}
 I - 2 potions of haste {unknown}


   Skills:
 - Level 2.4 Dodging
 - Level 2.4 Stealth
 + Level 13.9 Spellcasting
 - Level 1.1 Transmutations
 + Level 12.0 Earth Magic


You had 26 spell levels left.
You knew the following spells:

 Your Spells              Type           Power      Damage    Failure   Level
a - Sandblast             Erth           100%       2d20      0%          1
b - Stone Arrow           Conj/Erth      100%       3d13      1%          3
c - Petrify               Tmut/Erth      58%        N/A       1%          4
z - Passwall              Tmut/Erth      48%        N/A       1%          2

Your spell library contained the following spells:

 Spells                   Type           Power      Damage    Failure   Level
 Freeze                   Ice            84%        1d9       1%          1
 Sublimation of Blood     Necr           21%        N/A       1%          2
 Wereblood                Tmut           28%        N/A       1%          2
 Frozen Ramparts          Ice            42%        1d7       2%          3
 Hailstorm                Conj/Ice       21%        3d6       2%          3
 Portal Projectile        Hex/Tloc       42%        N/A       2%          3
 Tukima's Dance           Hex            21%        N/A       2%          3
 Blade Hands              Tmut           14%        N/A       16%         5
 Summon Hydra             Summ           10%        N/A       99%         7


Dungeon Overview and Level Annotations

Branches:
Dungeon (11/15)            Temple (0/1) D:7          Bailey (visited)
   Lair: D:8-11         Orc: D:9-12

Altars:
Ashenzari
Dithmenos
Elyvilon
Makhleb
Nemelex Xobeh
Qazlal
Ru
Trog
Uskayaw
Wu Jian
Yredelemnul
The Shining One

Shops:
D:6 *

Annotations:
D:2 pit
D:8 1 runed translucent door


Message History

Found a sparkling altar of Nemelex Xobeh.
There is a sparkling altar of Nemelex Xobeh here.
Casting: Stone Arrow (safe; 1% risk of failure)
Confirm with . or Enter, or press ? or * to list all spells.
Aiming: Passwall (safe; 1% risk of failure)
Press: ? - help, Dir - move target A rock wall.
You begin to meditate on the wall.
You continue meditating on the rock. x4
You finish merging with the rock.
Found a stone staircase leading down.
There is a stone staircase leading down here.
You fly downwards.
Found a leather armour.
Found a stone staircase leading up.
There is a stone staircase leading up here.
You reach down and open the door.
There is an open door here.
Found 16 gold pieces.
You now have 751 gold pieces (gained 16).
You reach down and open the door.
There is an open door here.
You reach down and open the door.
A two-headed ogre comes into view. It is wielding two +0 giant clubs.
The two-headed ogre shouts in stereo!
You hear a shout!
An orc comes into view. It is wielding a +0 club.
Casting: Passwall (safe; 1% risk of failure)
Confirm with . or Enter, or press ? or * to list all spells.
Aiming: Petrify (dangerous; 1% risk of failure)
Press: ? - help, Shift-Dir - straight line, f - two-headed ogre
Aim: a two-headed ogre, wielding two +0 giant clubs (chance to affect: 58%)
The two-headed ogre resists with significant effort.
The orc shouts!
Casting: Petrify (dangerous; 1% risk of failure)
Confirm with . or Enter, or press ? or * to list all spells.
Aiming: Petrify (dangerous; 1% risk of failure)
Press: ? - help, Shift-Dir - straight line, f/p - two-headed ogre
Aim: a two-headed ogre, wielding two +0 giant clubs (chance to affect: 58%)
The two-headed ogre resists with significant effort.
The two-headed ogre hits you with a +0 giant club!! x2
Ouch! That really hurt!
You die...

........#
..o....#
.......# ......
######....
#....#...
#....##O####
#....##@...#
##....##....#
#......'....#
#......#....#
#.....##....#
#.....##....#
###.....#######
........#..<..#
........'.....#


You could see a two-headed ogre and an orc.

Vanquished Creatures
  2 trolls
  Grinder (D:6)
  Menkaure (D:6)
  2 water moccasins
  A sky beast (D:6)
  A black bear (D:4)
  9 orc warriors
  An ice beast (D:7)
  3 ogres
  2 centaurs
  A bullfrog (D:6)
  3 scorpions
  3 wights (D:8)
  14 killer bees
  2 howler monkeys
  2 electric eels (D:8)
  4 jellies
  5 orc priests
  4 gnoll boudas
  2 hounds (D:6)
  A sleepcap (D:6)
  A human zombie (D:8)
  An iguana (D:6)
  4 orc wizards
  15 gnolls
  4 adders
  2 shadow imps
  A white imp (D:6)
  2 worms (D:3)
  2 dart slugs
  22 orcs
  A ball python (D:1)
  4 bats
  9 endoplasms
  2 giant cockroaches
  9 goblins
  5 hobgoblins
  3 jackals (D:2)
  16 kobolds
  3 quokkas
  2 frilled lizards
  A jackal skeleton (D:8)
173 creatures vanquished.

Notes
Turn   | Place    | Note
-------+----------+-------------------------------------------
     0 | D:1      | Heoruswealwe the Deep Elf Earth Elementalist began the
                  | quest for the Orb.
     0 | D:1      | Reached XP level 1. HP: 10/10 MP: 6/6
    67 | D:1      | Reached XP level 2. HP: 15/15 MP: 2/8
    70 | D:1      | Learned a level 2 spell: Passwall
   643 | D:2      | Reached skill level 4 in Spellcasting
   700 | D:2      | Reached XP level 3. HP: 19/19 MP: 7/10
   704 | D:2      | Learned a level 3 spell: Stone Arrow
   972 | D:2      | Found an ornate altar of the Wu Jian Council.
  1447 | D:3      | Reached XP level 4. HP: 24/24 MP: 9/12
  1452 | D:3      | Learned a level 4 spell: Petrify
  1571 | D:3      | Identified the +0 spear of Loso {antimagic, Will- Dex+5}
  1622 | D:3      | Identified the ring "Deizugo" {Wiz rC- Str+5 Dex+4}
  1940 | D:3      | Found a broken altar of Ashenzari.
  1957 | D:3      | Reached skill level 5 in Spellcasting
  2291 | D:4      | Noticed a black bear
  2295 | D:4      | Killed a black bear
  2296 | D:4      | Reached skill level 5 in Earth Magic
  2296 | D:4      | Reached XP level 5. HP: 28/28 MP: 12/15
  2330 | D:4      | Reached skill level 6 in Spellcasting
  2582 | D:4      | Found a sacrificial altar of Ru.
  2761 | D:4      | Reached XP level 6. HP: 22/32 MP: 12/17
  2897 | D:5      | Entered Level 5 of the Dungeon
  2985 | D:5      | Found a shadowy altar of Dithmenos.
  3022 | D:5      | Reached skill level 7 in Spellcasting
  3133 | D:5      | Reached XP level 7. HP: 36/36 MP: 16/19
  3516 | D:5      | Reached skill level 8 in Spellcasting
  4099 | D:6      | Noticed Grinder
  4103 | D:6      | Reached skill level 9 in Spellcasting
  4104 | D:6      | Found a hide-covered altar of Uskayaw.
  4107 | D:6      | Killed Grinder
  4108 | D:6      | Reached XP level 8. HP: 41/41 MP: 18/23
  4170 | D:6      | Noticed Menkaure
  4200 | D:6      | Killed Menkaure
  4204 | D:6      | Reached skill level 10 in Spellcasting
  4247 | D:6      | Found a stormy altar of Qazlal.
  4351 | D:6      | Found a white marble altar of Elyvilon.
  4547 | D:6      | HP: 1/41 [orc priest/divine providence (12)]
  4557 | D:6      | Reached skill level 11 in Spellcasting
  4812 | D:6      | Reached XP level 9. HP: 28/45 MP: 19/26
  4877 | D:6      | Found a glowing golden altar of the Shining One.
  4895 | D:6      | Found a burning altar of Makhleb.
  5084 | D:6      | Found Neijoddua's Assorted Antiques.
  5093 | D:6      | Bought a scroll labelled AMIEF HIOFU for 33 gold pieces
  5093 | D:6      | Bought 3 scrolls of identify for 198 gold pieces
  5093 | D:6      | Bought a lumpy coppery potion for 29 gold pieces
  5403 | D:7      | Reached skill level 10 in Earth Magic
  5422 | D:7      | Found a staircase to the Ecumenical Temple.
  5500 | D:8      | Found a runed translucent door.
  5507 | D:8      | Found a basalt altar of Yredelemnul.
  5557 | D:8      | Reached skill level 12 in Spellcasting
  5864 | D:9      | Found a flagged portal.
  5885 | Bailey   | Entered a bailey
  5959 | Bailey   | Reached skill level 13 in Spellcasting
  6063 | Bailey   | HP: 2/45 [orc warrior/+0 war axe (9)]
  6074 | Bailey   | Reached XP level 10. HP: 15/50 MP: 20/29
  6325 | D:9      | Identified the +1 sling "Veurch" {drain, rC+ rN+ Will+}
  6330 | D:10     | Entered Level 10 of the Dungeon
  6347 | D:10     | Found a bloodstained altar of Trog.
  6396 | D:10     | Found a sparkling altar of Nemelex Xobeh.
  6430 | D:11     | Noticed a two-headed ogre
  6432 | D:11     | Slain by a two-headed ogre

Illustrated notes

Levels and vault maps discovered:
D:1:      dpeg_arrival_orchard, layout_loops_cross
D:2:      layout_loops_ring, basic_altar
D:3:      layout_loops_ring, cheibrodos_ashenzari_chains,
          kennysheep_generic_room_4
D:4:      layout_loops_ring, mainiacjoe_overflow_24_doors
D:5:      layout_layer_cave, nicolae_dithmenos_shadow_blocks,
          dreamdust_mushroom_princess
D:6:      layout_loops_ring, nicolae_qazlal_beasts_of_the_sky,
          lemuel_tele_altar, mainiacjoe_overflow_tiny_flanked,
          mainiacjoe_overflow_cross_hatched, tso_altar, serial_co_window_serial,
          co_window_corner_a, co_window_corner_a, co_window_corner_a,
          co_window_of_opportunity_a, co_window_corner_a, co_window_paths_b,
          co_window_of_opportunity_a, co_window_2corner,
          co_window_unsneaky_path_a, co_window_corner_cb, co_window_broadway_c,
          co_window_4corner_a, glass_columns_b, glass_columns_a, serial_shops,
          nicolae_shop_tiny_waterfront, uniq_grinder, uniq_menkaure
D:7:      layout_loops_ring, grunt_gozag_breadcrumbs,
          nicolae_sif_muna_little_library, nicolae_wu_jian_immortal_techniques,
          slow_altar_1, minmay_temple_entry_gardened_gates,
          minmay_misc_feat_room
D:8:      layout_loops_corners, dk_yredelemnul_ordeal, serial_bayou_ford_a
D:9:      nzn_winding_woodlands_cross [nzn_winding_woodlands_5x15_eye,
          nzn_winding_woodlands_5x15_twine, nzn_winding_woodlands_5x15_pockets,
          nzn_winding_woodlands_5x15_jagged,
          nzn_winding_woodlands_15x15_boxy_spiral], layout_grid_maze,
          enter_bailey_8
D:10:     layout_rooms, old_standard_altar, marbit_many_paths,
          dpeg_lair_monsters, enter_trove_5
D:11:     layout_gridville

Skill      XL: |  1  2  3  4  5  6  7  8  9 10 |
---------------+-------------------------------+-----
Spellcasting   | 4 5 6 7 9 11 13 | 13.9
Earth Magic    | 4 5 6 8 9 11 12 | 12.0
Dodging        | |  2.4
Stealth        | |  2.4
Transmutations | |  1.1

Action                     |  1- 3 |  4- 6 |  7- 9 | 10-12 || total
---------------------------+-------+-------+-------+-------++-------
  Melee: Unarmed           |       |       |    12 |       ||    12
   Cast: Sandblast         |    40 |    38 |   168 |    10 ||   256
         Stone Arrow       |       |       |     7 |    10 ||    17
         Passwall          |       |       |     3 |     1 ||     4
         Petrify           |       |       |     2 |     3 ||     5
    Use: Scroll            |     5 |     2 |    11 |       ||    18
         Potion            |       |       |     6 |       ||     6
 Armour: Robe              |     1 |     1 |    19 |     4 ||    25
         Skin              |       |       |     2 |     3 ||     5
  Dodge: Dodged            |     3 |    10 |    70 |     5 ||    88
